 Dungeon Crawl Stone Soup version 0.16.2-12-gd0ad4c3 (webtiles) character file.

5378 SomethingHappened the Destroyer (level 10, -18/67 HPs)
             Began as a Human Wanderer on Sept 15, 2015.
             Was an Elder of Okawaru.
             Demolished by a komodo dragon (23 damage)
             ... on level 1 of the Lair of Beasts.
             The game lasted 00:46:44 (10090 turns).

SomethingHappened the Destroyer (Human Wanderer)   Turns: 10090, Time: 00:46:46

Health: -18/67     AC:  8    Str: 11    XL:     10   Next: 98%
Magic:  10/24      EV: 11    Int: 18    God:    Okawaru [****..]
Gold:   151        SH:  0    Dex: 12    Spells: 8 memorised, 2 levels left

rFire  . . .     SeeInvis .     P - +2 quarterstaff (chaos)
rCold  + . .     Clarity  .     X - +0 steam dragon armour
rNeg   . . .     SustAb   .     (no shield)
rPois  .         Gourm    .     p - +2 hat
rElec  .         Spirit   .     (no cloak)
rCorr  .         Warding  .     (no gloves)
rMut   .         Stasis   .     N - +0 pair of boots
MR     .....                    (no amulet)
Stlth  +.........               (no ring)
                                H - ring of protection from cold

@: very slightly contaminated, repel missiles, not resistant to hostile
enchantments, very unstealthy
A: no striking features
a: Heroism, Renounce Religion


You were on level 1 of the Lair of Beasts.
You worshipped Okawaru.
Okawaru was greatly pleased with you.
You were not hungry.

You visited 2 branches of the dungeon, and saw 11 of its levels.

You collected 571 gold pieces.
You spent 420 gold pieces at shops.

Inventory:

Hand weapons
 c - a +0 spear
 i - a +2 short sword of venom
 I - a +0 shortbow
 L - a +0 blowgun
 M - a +1 whip of flaming
 P - a +2 quarterstaff of chaos (weapon)
 U - a +0 lajatang
Missiles
 e - 7 javelins (quivered)
 l - 26 poisoned needles
 C - 3 throwing nets
 J - 25 arrows
 V - 4 arrows of dispersal
Armour
 d - a +0 robe
 p - a +2 hat (worn)
 N - a +0 pair of boots (worn)
 X - a +0 steam dragon armour (worn)
Jewellery
 H - a ring of protection from cold (left hand)
Magical devices
 h - a wand of frost (27)
 k - a wand of invisibility (5)
 r - a wand of cold (5)
 t - a wand of confusion (14)
 w - a wand of draining (6)
 B - a wand of digging (16)
 T - a wand of teleportation (7)
 Y - a wand of lightning (1)
Scrolls
 g - 3 scrolls of blinking
 m - 2 scrolls of enchant weapon
 n - a scroll of immolation
 q - a scroll of teleportation
 v - 5 scrolls of amnesia
 y - a scroll of magic mapping
 D - a scroll of fog
 R - 3 scrolls of remove curse
Potions
 s - a potion of heal wounds
 u - a potion of agility
 x - 2 potions of curing
 z - 2 potions of restore abilities
 A - a potion of invisibility
 E - 2 potions of lignification
 F - a potion of haste
 G - a potion of berserk rage {unknown}
 O - a potion of beneficial mutation {unknown}
 Q - a potion of mutation {unknown}
 W - a potion of brilliance
Books
 a - a book of Minor Magic

   Spells                             Type                      Level
   a - Magic Dart                     Conjuration                  1
   b - Blink                          Translocation                2
   c - Call Imp                       Summoning                    2
   d - Repel Missiles                 Charms/Air                   2
   e - Slow                           Hexes                        2
   f - Conjure Flame                  Conjuration/Fire             3
   g - Mephitic Cloud                 Conjuration/Poison/Air       3
 b - the Grimoire of Burning Conjuration

   Spells                             Type                      Level
   a - Flame Tongue                   Conjuration/Fire             1
   b - Throw Flame                    Conjuration/Fire             2
 K - a book of the Dragon

   Spells                             Type                      Level
   a - Flight                         Charms/Air                   3
   b - Cause Fear                     Hexes                        4
   c - Bolt of Fire                   Conjuration/Fire             6
   d - Dragon Form                    Transmutation                7
   e - Dragon's Call                  Summoning                    9
Comestibles
 f - 8 bread rations
 j - 5 fruits
 o - 3 slices of pizza
 S - 2 chunks of flesh


   Skills:
 - Level 2.0 Fighting
 - Level 1.0 Armour
   Level 1.0 Shields
 - Level 6.3 Spellcasting
 * Level 10.4 Conjurations
 - Level 0.2 Charms
 - Level 10.1 Fire Magic
 - Level 1.0 Air Magic
 - Level 1.0 Evocations


You had 2 spell levels left.
You knew the following spells:

 Your Spells              Type           Power        Failure   Level  Hunger
a - Magic Dart            Conj           ####         1%          1    None
b - Throw Flame           Conj/Fire      #####.       1%          2    None
c - Blink                 Tloc           N/A          17%         2    None
d - Call Imp              Summ           #.......     17%         2    None
e - Repel Missiles        Chrm/Air       #.....       14%         2    None
f - Mephitic Cloud        Conj/Pois/Air  ###.....     10%         3    ##.....
g - Flame Tongue          Conj/Fire      #####        1%          1    None
h - Bolt of Fire          Conj/Fire      #####.....   30%         6    #######


Dungeon Overview and Level Annotations

Branches:
Dungeon (10/15)            Temple (0/1) D:6            Lair (1/8) D:8
    Orc: D:9-12

Altars:
Ashenzari
Gozag
Kikubaaqudgha
Makhleb
Nemelex Xobeh
Okawaru
Qazlal
Ru
Sif Muna
Vehumet
Yredelemnul
Zin
The Shining One

Shops:
D:4 *   D:7 [(!}   D:8 *

Annotations:
D:3 Burgundious' ghost, average HEAE


Message History

Confirm with . or Enter, or press ? or * to list all spells.
Aiming: Flame Tongue
Press: ? - help, Shift-Dir - straight line, f/p - komodo dragon
Aim: a komodo dragon (severely wounded)
The flame tongue hits the komodo dragon.
The komodo dragon appears unharmed.
The komodo dragon is severely wounded.
The komodo dragon closely misses you.
You barely miss the komodo dragon.
The komodo dragon is severely wounded.
The komodo dragon bites you!!
* * * LOW HITPOINT WARNING * * *
The komodo dragon barely misses you.
Casting: Flame Tongue
Confirm with . or Enter, or press ? or * to list all spells.
You miscast Blink.
You are very lightly contaminated with residual magic.
The world appears momentarily distorted!
The komodo dragon bites you!!
You die...

# #.....#..##.......
##.
#...###..##.#.....
#..
#...#.....#....... ..
#.###.#...#....)..
#.##.#....##.#.......
#..#...#P..#.........
#..#..P#..####.......
#..#l.P#..# #.......
#.†@.##..# #.......
#.#..##### #.......
#.#...# #..#.###
#.##.... #..#.# #
#.###.##.. ##.#.# P..
## . #.#.. ##.##
#...# ### ..#.. ##.


You could see a komodo dragon.

Vanquished Creatures
  Pikel (D:7)
  A troll (D:8)
  Prince Ribbit (D:9)
  A spriggan (D:7)
  A steam dragon (D:9)
  A hungry ghost (D:9)
  3 wolves (Lair:1)
  A warg (Lair:1)
  A necrophage (D:7)
  2 ice beasts
  3 phantoms
  4 ogres
  4 centaurs
  A sky beast (D:8)
  3 giant frogs
  A gnoll sergeant (D:7)
  A wyvern skeleton (D:9)
  2 scorpions
  6 wights
  2 goliath beetles
  A centaur zombie (D:9)
  4 crimson imps
  A gnoll shaman (D:8)
  Crazy Yiuf (D:7)
  3 giant frog skeletons
  6 iguanas
  A centaur skeleton (D:7)
  10 hounds
  3 orc wizards
  5 worker ants
  A killer bee zombie (D:7)
  A hound skeleton (D:9)
  13 gnolls
  8 adders
  A worm (D:2)
  2 giant mites
  2 adder skeletons
  7 giant geckos
  2 oozes
  20 orcs
  A ball python (D:3)
  10 bats
  A bat zombie (D:8)
  7 giant cockroaches
  15 hobgoblins
  14 jackals
  13 kobolds
  4 quokkas
  4 giant newts
  A giant spore (D:7)
  2 gnoll zombies (D:2)
  8 goblins
  2 quokka skeletons
  16 rats
230 creatures vanquished.

Vanquished Creatures (collateral kills)
  Joseph (D:7)
  An orc (D:3)
  A hobgoblin (D:3)
  A kobold (D:3)
4 creatures vanquished.

Vanquished Creatures (others)
  A hippogriff (D:7)
  A slave (D:7)
  A crimson imp (D:3)
  A worker ant (D:7)
  A shadow imp (D:4)
  3 white imps
  A bat (D:7)
9 creatures vanquished.

Grand Total: 243 creatures vanquished

Notes
Turn   | Place    | Note
--------------------------------------------------------------
     0 | D:1      | SomethingHappened, the Human Wanderer, began the quest for the Orb.
     0 | D:1      | SomethingHappened set off with: a book of Minor Magic, the Grimoire of Burning Conjuration, a +0 spear, a +0 robe, a bread ration
     0 | D:1      | Reached XP level 1. HP: 16/16 MP: 5/5
    12 | D:1      | Identified the Grimoire of Burning Conjuration
    14 | D:1      | Learned a level 1 spell: Magic Dart
    51 | D:1      | Reached skill level 1 in Conjurations
   119 | D:1      | Reached XP level 2. HP: 20/22 MP: 2/7
   127 | D:1      | Learned a level 2 spell: Throw Flame
   130 | D:1      | Learned a level 2 spell: Blink
   133 | D:1      | Learned a level 2 spell: Call Imp
   136 | D:1      | Learned a level 2 spell: Repel Missiles
   762 | D:2      | Reached XP level 3. HP: 27/27 MP: 3/9
  1081 | D:2      | Reached XP level 4. HP: 33/33 MP: 6/11
  1183 | D:2      | Found a sparkling altar of Nemelex Xobeh.
  1454 | D:2      | Found a basalt altar of Yredelemnul.
  2041 | D:3      | Reached XP level 5. HP: 38/38 MP: 8/13
  2239 | D:3      | Noticed Burgundious' ghost (average HEAE)
  2775 | D:4      | Noticed a centaur
  2786 | D:4      | Killed a centaur
  2786 | D:4      | Reached skill level 5 in Spellcasting
  2786 | D:4      | Reached XP level 6. HP: 20/44 MP: 12/17
  2821 | D:4      | Learned a level 3 spell: Mephitic Cloud
  3322 | D:5      | Entered Level 5 of the Dungeon
  3336 | D:5      | Found a glowing silver altar of Zin.
  3362 | D:5      | Reached skill level 6 in Spellcasting
  3456 | D:5      | Reached XP level 7. HP: 40/50 MP: 14/20
  3532 | D:5      | Learned a level 1 spell: Flame Tongue
  3748 | D:5      | Reached skill level 5 in Conjurations
  4477 | D:4      | Found Thapnutt's Assorted Antiques.
  4493 | D:4      | Found an iron altar of Okawaru.
  4500 | D:4      | Became a worshipper of Warmaster Okawaru
  4699 | D:4      | Found a glowing golden altar of the Shining One.
  4699 | D:4      | Found a radiant altar of Vehumet.
  4888 | D:6      | Found a staircase to the Ecumenical Temple.
  4900 | D:6      | Reached XP level 8. HP: 56/56 MP: 15/21
  5004 | D:6      | Reached skill level 7 in Conjurations
  5137 | D:6      | Acquired Okawaru's first power
  5350 | D:6      | Found a sacrificial altar of Ru.
  5800 | D:6      | Reached skill level 8 in Conjurations
  5894 | D:4      | Bought a metal-bound book for 420 gold pieces
  5952 | D:7      | Noticed Pikel
  6033 | D:7      | Killed Pikel
  6033 | D:7      | Reached skill level 5 in Fire Magic
  6033 | D:7      | Reached XP level 9. HP: 59/61 MP: 12/23
  6067 | D:7      | Found Ghekh's Armour Boutique.
  6343 | D:7      | Noticed Crazy Yiuf
  6347 | D:7      | Killed Crazy Yiuf
  6459 | D:7      | Found Fraisme's Weapon Boutique.
  6534 | D:7      | Reached skill level 9 in Conjurations
  6662 | D:7      | Noticed Joseph
  6833 | D:7      | Noticed a spriggan baker
  6849 | D:7      | Killed a spriggan baker
  7044 | D:7      | Found Yzxenuno's Gadget Shop.
  7065 | D:7      | Killed Joseph
  7065 | D:7      | Reached XP level 10. HP: 59/67 MP: 4/24
  7086 | D:7      | Found Doodd's Distillery.
  7434 | D:8      | Found an ancient bone altar of Kikubaaqudgha.
  7439 | D:8      | Found a staircase to the Lair.
  7566 | D:8      | Found a stormy altar of Qazlal.
  7928 | D:8      | Found Anaphunt's General Store.
  8749 | D:9      | Found a shattered altar of Ashenzari.
  8893 | D:9      | Found a burning altar of Makhleb.
  8961 | D:9      | Reached skill level 10 in Fire Magic
  8973 | D:9      | Found an opulent altar of Gozag.
  9083 | D:9      | Noticed Prince Ribbit
  9089 | D:9      | Killed Prince Ribbit
  9662 | D:9      | Found a deep blue altar of Sif Muna.
  9763 | D:10     | Entered Level 10 of the Dungeon
  9808 | Lair:1   | Entered Level 1 of the Lair of Beasts
  9888 | Lair:1   | Reached skill level 10 in Conjurations
  9965 | Lair:1   | Noticed a spiny frog
  9972 | Lair:1   | Noticed a black mamba
 10010 | Lair:1   | Learned a level 6 spell: Bolt of Fire
 10090 | Lair:1   | Demolished by a komodo dragon

Action                   |  1- 3 |  4- 6 |  7- 9 | 10-12 || total
-------------------------+-------+-------+-------+-------++-------
Melee: Spear             |     6 |       |       |       ||     6
       Short sword       |    20 |   105 |    69 |       ||   194
       Quarterstaff      |       |       |    42 |    69 ||   111
Throw: Javelin           |       |       |     4 |       ||     4
 Cast: Magic Dart        |    57 |    87 |   104 |    76 ||   324
       Repel Missiles    |     1 |       |       |     1 ||     2
       Throw Flame       |     1 |     9 |    16 |     2 ||    28
       Call Imp          |       |    17 |     6 |     1 ||    24
       Mephitic Cloud    |       |       |    15 |    21 ||    36
       Flame Tongue      |       |       |    58 |   132 ||   190
       Blink             |       |       |       |     1 ||     1
  Use: Scroll            |       |    10 |     7 |     5 ||    22
       Potion            |       |       |       |     1 ||     1
 Stab: Confused          |       |       |     3 |     2 ||     5
       Petrifying        |       |       |     1 |       ||     1
       Petrified         |       |       |     1 |       ||     1
       Paralysed         |       |       |       |     1 ||     1
  Eat: Fruit             |       |     2 |       |       ||     2
       Chunk             |       |     5 |    11 |     4 ||    20
       Beef jerky        |       |     1 |     1 |     2 ||     4
       Meat ration       |       |       |       |     1 ||     1
